 Dungeon Sprint DCSS version 0.30-a0-528-g8c47a4955b (webtiles) character file.

Game seed: 12830036386769067358

46 rocky1 the Poker (level 3, 0/28 HPs)
             Began as a Demonspawn Gladiator on Dec 24, 2022.
             Slain by a wolf (10 damage)
             ... in the Dungeon (Sprint III: "The Ten Rune Challenge").
             The game lasted 00:01:26 (237 turns).

rocky1 the Poker (Demonspawn Gladiator)              Turns: 237, Time: 00:01:26

Health: 0/28       AC:  4    Str: 14    XL:     3   Next: 46%
Magic:  3/3        EV: 13    Int:  9    God:
Gold:   24         SH:  0    Dex: 18    Spells: 2/2 levels left

rFire   . . .      SeeInvis .    a - +0 trident
rCold   . . .      Faith    .    (no shield)
rNeg    . . .      Spirit   .    b - +0 leather armour
rPois   .          Reflect  .    c - +0 helmet
rElec   .          Harm     .    (no cloak)
rCorr   .          Rampage  .    (no gloves)
Will    .....      NoTele   +    (no boots)
Stlth   +++                      (no amulet)
HPRegen 0.24/turn                (no ring)
MPRegen 0.08/turn                (no ring)

@: no status effects
A: thin skeletal structure 1
a: no special abilities


You were in the Dungeon.
You visited 1 branch You collected 24 gold pieces.

Inventory:

Hand Weapons
 a - a +0 trident (weapon)
Missiles
 d - 3 throwing nets (quivered)
 e - a javelin
Armour
 b - a +0 leather armour (worn)
 c - a +0 helmet (worn)
Scrolls
 k - a scroll of blinking
Potions
 f - a potion of curing
 g - a potion of heal wounds
 h - a potion of haste
 i - 2 potions of magic
 j - a potion of berserk rage


   Skills:
 + Level 2.5 Fighting
 - Level 6.1 Polearms
 - Level 1.7 Throwing
 + Level 1.2 Armour
 + Level 3.1 Dodging
 + Level 1.3 Stealth


You had 2 spell levels left.
You didn't know any spells.
Your spell library was empty.

Dungeon Overview and Level Annotations

Branches:
Dungeon (1/1)

Altars:


Innate Abilities, Weirdness & Mutations

You have a somewhat thin skeletal structure. (Dex +2, Stealth+)


Message History

* * * LOW HITPOINT WARNING * * *
You hit the human.
The human is almost dead.
The human barely misses you.
You miss the human.
The human is almost dead.
The human hits you.
* * * LOW HITPOINT WARNING * * *
You puncture the human!
You kill the human!
Your Armour skill increases to level 1!
Your Dodging skill increases to level 3!
Your Stealth skill increases to level 1!
Unknown command.
You start resting.
HP restored.
e - a javelin;
d - 3 throwing nets You see here a human corpse.
Unknown command.
You reach to attack!
The helpless wolf fails to defend itself.
You puncture the wolf!
The wolf is severely wounded.
The wolf barely misses you.
You barely miss the wolf.
The wolf is severely wounded.
The wolf closely misses you.
You hit the wolf but do no damage.
The wolf is severely wounded.
The wolf bites you! The wolf barely misses you.
You miss the wolf.
The wolf is severely wounded.
The wolf closely misses you. The wolf barely misses you.
You barely miss the wolf.
The wolf is severely wounded.
The wolf bites you!
You barely miss the wolf.
The wolf is severely wounded.
The wolf bites you!
You die...

▓...#......##
▓..##...)...# ..#
▓##.##.##...# ..#
##.##.###..# #..#
▓#.####.##..# ...+
▓.###..##.†## #...#
▓#..†..##..###....#
###..##...##.....#
##..##....#.@h...#
#..###..##†#.....#
#..# #.. ####....#
▓▓▓▓ ▓▓▓ ▓▓▓▓▓


You could see a wolf.

Vanquished Creatures
  Jessica (D)
  A human (D)
  An endoplasm (D)
  2 rats (D)
5 creatures vanquished.

Notes
Turn   | Place    | Note
-------+----------+-------------------------------------------
     0 | D        | rocky1 the Demonspawn Gladiator began the quest for the
                  | Orb.
     0 | D        | Reached XP level 1. HP: 16/16 MP: 1/1
    10 | D        | Reached skill level 3 in Polearms
    27 | D        | Noticed Jessica
    32 | D        | Killed Jessica
    33 | D        | Reached skill level 6 in Polearms
    33 | D        | Gained mutation: You have a somewhat thin skeletal
                  | structure. (Dex +2, Stealth+) [demonic ancestry]
    33 | D        | Reached XP level 2. HP: 11/22 MP: 2/2
    98 | D        | Reached XP level 3. HP: 27/27 MP: 3/3
   138 | D        | Reached skill level 1 in Armour
   138 | D        | Reached skill level 1 in Stealth
   237 | D        | Slain by a wolf

Illustrated notes

Levels and vault maps discovered:
D:        dungeon_sprint_mu [sprint_mu_entry_cave, sprint_mu_temple_rooms,
          sprint_mu_d1_horrors, sprint_mu_d2_genie, sprint_mu_d3_branching,
          sprint_mu_orc_legion, sprint_mu_elf_gauntlet, sprint_mu_hive_nellie,
          sprint_mu_lair_fedhas, sprint_mu_vaults_butterflies,
          sprint_mu_slime_circle, sprint_mu_swamp_cave, sprint_mu_shoals_kraken,
          sprint_mu_blade_basic, sprint_mu_crypt_fortress,
          sprint_mu_tomb_spiral, sprint_mu_vestibule_basic,
          sprint_mu_gehenna_hellfire, sprint_mu_dis_giant,
          sprint_mu_tartarus_statrot, sprint_mu_cocytus_islands, sprint_mu_zot1]

Skill      XL: |  1  2  3 |
---------------+----------+-----
Polearms       | 6 |  6.1
Armour         | 1 |  1.2
Dodging        | 3 |  3.1
Stealth        | 1 |  1.3
Fighting       | |  2.5
Throwing       | |  1.7

Action                   || total
-------------------------++-------
Melee: Trident           ||    31
Throw: Throwing net      ||     3
       Javelin           ||     1
 Stab: Sleeping          ||     2
Armor: Leather armour    ||     1
Dodge: Dodged            ||    16

Table legend: (Time is in decaauts)
 A = Elapsed time spent in this place.
 B = Non-inter-level travel time spent in this place.
 C = Inter-level travel time spent in this place.
 D = Time resting spent in this place.
 E = Time spent auto-exploring this place.
 F = Levels seen in this place.
 G = Mean time per level.
                   A        B        C        D        E       F      G
               +--------+--------+--------+--------+--------+-----+--------+
         Total |    237 |    237 |      0 |    136 |     14 |   1 |  237.0 |
       Dungeon |    237 |    237 |      0 |    136 |     14 |   1 |  237.0 |
               +--------+--------+--------+--------+--------+-----+--------+

Top non-repeatable levels by time:
       D: 237 daAuts
